 Dungeon Crawl Stone Soup version 0.27-a0-1065-ge809cff456 (webtiles) character file.

Game seed: 7624130939949678284

14 flotson the Covert (level 2, -4/29 HPs)
             Began as a Gnoll Delver on Apr 23, 2021.
             Slain by Sigmund
             ... wielding a +0 scythe of protection
              (12 damage)
             ... on level 2 of the Dungeon.
             The game lasted 00:02:07 (1061 turns).

flotson the Covert (Gnoll Delver)                   Turns: 1061, Time: 00:02:07

Health: -4/29      AC:  3    Str: 11    XL:     2   Next: 41%
Magic:  2/2        EV: 13    Int:  9    God:
Gold:   94         SH:  0    Dex: 13    Spells: 1/1 levels left

rFire    . . .     SeeInvis .   b - +0 glaive
rCold    . . .     Faith    .   (shield currently unavailable)
rNeg     . . .     Spirit   .   m - +0 leather armour
rPois    .         Reflect  .   (no helmet)
rElec    .         Harm     .   j - scarf {shadows}
rCorr    .         Rampage  .   (no gloves)
Will     .....                  (no boots)
Stlth    +.........             (no amulet)
HPRegen  0.09/turn              (no ring)
MPRegen  0.08/turn              (no ring)

@: confused, very slightly contaminated, invisible
A: fangs 1, strong nose, distributed training
a: no special abilities


You were on level 2 of the Dungeon.
You visited 1 branch of the dungeon, and saw 4 of its levels.

You collected 94 gold pieces.

Inventory:

Hand Weapons
 a - a +0 quarterstaff
 b - a +0 glaive (weapon)
 h - a +0 quarterstaff
 l - a +0 hand axe
Missiles
 i - 32 bolts
Armour
 j - a scarf of shadows (worn)
 m - a +0 leather armour (worn)
Wands
 g - a wand of digging (3)
 n - a wand of flame (22)
Scrolls
 c - 2 scrolls of fog
 d - a scroll of magic mapping
 e - 2 scrolls of fear
 k - a scroll of noise {unknown}
 p - a scroll of identify {unknown}
 q - a scroll of amnesia {unknown}
 r - a scroll of vulnerability {unknown}
Potions
 f - a potion of haste


   Skills:
 + Level 6.5 Fighting
 + Level 0.4 Short Blades
 + Level 0.4 Long Blades
 + Level 4.5 Axes
 + Level 0.4 Maces & Flails
 + Level 0.4 Polearms
 + Level 0.4 Staves
 + Level 0.4 Slings
 + Level 0.4 Bows
 + Level 0.4 Crossbows
 + Level 0.4 Throwing
 + Level 0.4 Armour
 + Level 4.5 Dodging
 + Level 9.5 Stealth
 + Level 0.4 Shields
 + Level 0.4 Unarmed Combat
 + Level 0.4 Spellcasting
 + Level 0.2 Conjurations
 + Level 0.2 Hexes
 + Level 0.2 Summonings
 + Level 0.2 Necromancy
 + Level 0.2 Translocations
 + Level 0.2 Transmutations
 + Level 0.2 Fire Magic
 + Level 0.2 Ice Magic
 + Level 0.2 Air Magic
 + Level 0.2 Earth Magic
 + Level 0.2 Poison Magic
 + Level 0.5 Invocations
 + Level 0.4 Evocations


You had one spell level left.
You didn't know any spells.
Your spell library was empty.

Dungeon Overview and Level Annotations

Branches:
Dungeon (5/15)
 Temple: D:4-7

Altars:

Shops:
D:4 *

Annotations:
D:2 Sigmund


Innate Abilities, Weirdness & Mutations

You have very sharp teeth.
Your uncanny sense of smell can sniff out nearby items.
Your experience applies equally to all skills.


Message History

You are too injured to fight recklessly!
You are too injured to fight recklessly!
You are too injured to fight recklessly!
You are too injured to fight recklessly!
You are too injured to fight recklessly!
You are too injured to fight recklessly!
You are too injured to fight recklessly!
You are too injured to fight recklessly!
Something hits you but does no damage.
You see here a rat corpse.
Something completely misses you. Something hits you but does no damage.
You hear some strange, mumbled words.
A puff of flame appears from out of thin air!
The puff of flame hits you.
* * * LOW HITPOINT WARNING * * *
You see here a rat corpse.
You hear some strange, mumbled words.
You are confused.
Unknown command.
Okay, then.
Unknown command.
You are too confused!
It was a potion of invisibility.
You fade into invisibility!
You are very lightly contaminated with residual magic.
Unknown command.
The kobold throws a stone.
You bump into the rock wall.
The kobold throws a stone.
You hear some strange, mumbled words.
You are more confused.
The kobold throws a stone.
You're too confused to move!
You hear some strange, mumbled words.
Something tries to affect you, but you resist.
The kobold throws a stone.
You bump into the rock wall.
You're too confused to move!
You bump into the rock wall.
Something hits you!
You die...

... ..... .. ....
#.##...
#.#..###.....
#.#.........
..........#
####......#@######
..................
........#.#.######
.........#K#
.###....###.#
........# #.#
.###...####.# ∆
..##...K.†..#
#.##...######


You could see a kobold.

Vanquished Creatures
  An orc (D:3)
  An endoplasm (D:3)
  A giant cockroach (D:4)
  3 goblins
  A hobgoblin (D:3)
  A frilled lizard (D:3)
  A kobold (D:3)
  3 rats
12 creatures vanquished.

Notes
Turn   | Place    | Note
-------+----------+-------------------------------------------
     0 | D:5      | Reached skill level 9 in Stealth
     0 | D:5      | flotson the Gnoll Delver began the quest for the Orb.
     0 | D:5      | Reached XP level 1. HP: 23/23 MP: 1/1
    93 | D:5      | Noticed a black bear
   139 | D:4      | Found Jumpeuto's Assorted Antiques.
   218 | D:4      | Noticed an iguana
   560 | D:3      | Reached XP level 2. HP: 26/29 MP: 2/2
  1034 | D:2      | Noticed Sigmund
  1061 | D:2      | Slain by Sigmund

Illustrated notes

Levels and vault maps discovered:
D:2:      layout_basic, uniq_sigmund
D:3:      layout_basic, uniq_ijyb
D:4:      layout_basic, nicolae_wu_jian_wuxing_cycle, serial_shops,
          nicolae_shop_overgrown_old_shop, nicolae_underground_beach
D:5:      layout_gridville, minmay_temple_entry_waves, uniq_crazy_yiuf_cottage

Skill      XL: | |
---------------+-+-----
Stealth        | |  9.5
Fighting       | |  6.5
Short Blades   | |  0.4
Long Blades    | |  0.4
Axes           | |  4.5
Maces & Flails | |  0.4
Polearms       | |  0.4
Staves         | |  0.4
Slings         | |  0.4
Bows           | |  0.4
Crossbows      | |  0.4
Throwing       | |  0.4
Armour         | |  0.4
Dodging        | |  4.5
Shields        | |  0.4
Unarmed Combat | |  0.4
Spellcasting   | |  0.4
Conjurations   | |  0.2
Hexes          | |  0.2
Summonings     | |  0.2
Necromancy     | |  0.2
Translocations | |  0.2
Transmutations | |  0.2
Fire Magic     | |  0.2
Ice Magic      | |  0.2
Air Magic      | |  0.2
Earth Magic    | |  0.2
Poison Magic   | |  0.2
Invocations    | |  0.5
Evocations     | |  0.4

Action                   || total
-------------------------++-------
Melee: Quarterstaff      ||     6
       Hand axe          ||     5
       Glaive            ||    23
       Bite              ||     1
  Use: Potion            ||     1
 Stab: Sleeping          ||     6
Armor: Leather armour    ||    11
Dodge: Dodged            ||    22

Table legend: (Time is in decaauts)
 A = Elapsed time spent in this place.
 B = Non-inter-level travel time spent in this place.
 C = Inter-level travel time spent in this place.
 D = Time resting spent in this place.
 E = Time spent auto-exploring this place.
 F = Levels seen in this place.
 G = Mean time per level.
                   A        B        C        D        E       F      G
               +--------+--------+--------+--------+--------+-----+--------+
         Total |   1078 |   1078 |      0 |      0 |    863 |   4 |  269.5 |
       Dungeon |   1078 |   1078 |      0 |      0 |    863 |   4 |  269.5 |
               +--------+--------+--------+--------+--------+-----+--------+

Top non-repeatable levels by time:
     D:3: 714 daAuts
     D:4: 133 daAuts
     D:2: 123 daAuts
     D:5: 106 daAuts
